 Dungeon Crawl Stone Soup version 0.29-a0-541-gaf1fc19f1b (webtiles) character file.

Game seed: 3770131655571578307

83 oldriver the Chopper (level 4, 0/36 HPs)
             Began as a Palentonga Wanderer on June 3, 2022.
             Slain by Terence
             ... wielding a +0 flail
              (9 damage)
             ... on level 3 of the Dungeon.
             The game lasted 00:01:36 (1767 turns).

oldriver the Chopper (Palentonga Wanderer)          Turns: 1767, Time: 00:01:37

Health: 0/36       AC:  7    Str: 18    XL:     4   Next: 22%
Magic:  4/4        EV:  4    Int: 11    God:
Gold:   160        SH:  3    Dex: 10    Spells: 3/3 levels left

rFire   . . .      SeeInvis +   a - +0 hand axe
rCold   . . .      Faith    .   c - +0 buckler
rNeg    . . .      Spirit   .   b - +0 chain mail
rPois   .          Reflect  .   (no helmet)
rElec   .          Harm     .   (no cloak)
rCorr   .          Rampage  .   (no gloves)
Will    .....                   (no barding)
Stlth   ..........              (no amulet)
HPRegen 0.12/turn               (no ring)
MPRegen 0.09/turn               (no ring)

@: no status effects
A: large, rugged brown scales 3, see invisible, deformed body, roll 1, armoured
tail
a: Rolling Charge


You were on level 3 of the Dungeon.
You visited 1 branch of the dungeon, and saw 3 of its levels.

You collected 160 gold pieces.

Inventory:

Hand Weapons
 a - a +0 hand axe (weapon)
Armour
 b - a +0 chain mail (worn)
 c - a +0 buckler (worn)
Jewellery
 t - a ring of magical power
Wands
 s - a wand of flame (7)
Scrolls
 e - a scroll of amnesia {unknown}
 f - a scroll of enchant armour {unknown}
 h - 2 scrolls of fear {unknown}
 i - a scroll of noise {unknown}
 j - 2 scrolls of fog {unknown}
 k - 2 scrolls of teleportation {unknown}
 m - a scroll of enchant weapon {unknown}
 n - 2 scrolls of identify {unknown}
 q - a scroll of magic mapping {unknown}
 r - a scroll of blinking {unknown}
Potions
 d - 3 potions of curing
 g - 2 potions of magic {unknown}
 l - a potion of attraction {unknown}
 o - a potion of cancellation {unknown}
 p - a potion of ambrosia {unknown}
 u - a potion of resistance {unknown}
 v - 2 potions of brilliance {unknown}


   Skills:
 + Level 2.5 Fighting
 * Level 3.8 Axes
 - Level 2.4 Armour
 - Level 1.0 Stealth
 - Level 1.0 Shields
 - Level 1.0 Invocations
 - Level 1.0 Evocations


You had 3 spell levels left.
You didn't know any spells.
Your spell library was empty.

Dungeon Overview and Level Annotations

Branches:
Dungeon (3/15)

Altars:
Fedhas

Shops:
D:1 **?

Annotations:
D:3 Terence


Innate Abilities, Weirdness & Mutations

You are completely covered in rugged brown scales. (AC +3, +7% HP)
You have supernaturally acute eyesight. (SInv)
Armour fits poorly on your strangely shaped body.
You can roll at nearby foes to attack.
You have a long armoured tail.


Message History

You hit Terence but do no damage.
Terence is moderately wounded.
You closely miss the ball python. You block Terence's attack.
The ball python bites you but does no damage.
Terence hits you with a +0 flail!
You are too injured to fight recklessly!
You are too injured to fight recklessly!
You completely miss Terence.
Terence is moderately wounded.
You hit the ball python.
The ball python bites you but does no damage.
Terence hits you with a +0 flail.
You hit Terence.
Terence is moderately wounded.
You hit the ball python.
You kill the ball python!
Terence hits you but does no damage.
You hit Terence.
Terence is heavily wounded.
Terence hits you with a +0 flail.
You closely miss Terence.
Terence is heavily wounded.
Terence barely misses you.
You hit Terence.
Terence is severely wounded.
An orc comes into view. It is wielding a +0 dagger.
Terence hits you but does no damage.
You closely miss Terence.
Terence is severely wounded.
The orc shouts!
You hear a shout!
Terence barely misses you.
You hit Terence but do no damage. You tail-slap Terence.
Terence is almost dead.
Terence hits you with a +0 flail.
* * * LOW HITPOINT WARNING * * *
Okay, then.
You barely miss Terence.
Terence is almost dead.
Terence hits you with a +0 flail!
You die...

.##... .....## ##### ..
#....# #.....# ..@
.#....## ##....... ....
.......#####.....≈≈. ...#
#......#...≈..≈. #..#
#..###.#...≈≈...
.##...####.†............_
....o..@@...##.#....≈≈...
........#..###.##...≈..≈.
......?.#.####.#......≈≈.
..........##.............
..........##.............
..........##.............
####...##..#.............
###..#..#.............
#......†....#..<....


You could see Terence and an orc.

Vanquished Creatures
  3 adders (D:2)
  A worm (D:2)
  A dart slug (D:2)
  5 ball pythons
  4 endoplasms (D:2)
  5 giant cockroaches
  7 hobgoblins
  4 jackals
  2 quokkas
  4 bats
  2 frilled lizards (D:1)
  4 goblins
  A kobold (D:2)
  4 rats
47 creatures vanquished.

Notes
Turn   | Place    | Note
-------+----------+-------------------------------------------
     0 | D:1      | oldriver the Palentonga Wanderer began the quest for the
                  | Orb.
     0 | D:1      | oldriver set off with the following items: a +0 hand axe, a
                  | +0 chain mail, a +0 buckler, a potion of curing
     0 | D:1      | Reached XP level 1. HP: 16/16 MP: 1/1
   145 | D:1      | Reached XP level 2. HP: 22/22 MP: 2/2
   225 | D:1      | Found Fezinet's Assorted Antiques.
   365 | D:1      | Found Ekyutt's Magic Scroll Shoppe.
   519 | D:1      | Found Tacad's Assorted Antiques.
   835 | D:2      | Reached skill level 3 in Axes
   837 | D:2      | Reached XP level 3. HP: 21/28 MP: 3/3
  1112 | D:2      | Reached XP level 4. HP: 24/36 MP: 4/4
  1263 | D:2      | Found a faded altar of an unknown god.
  1689 | D:3      | Found a blossoming altar of Fedhas.
  1749 | D:3      | Noticed Terence
  1767 | D:3      | Slain by Terence

Illustrated notes

Levels and vault maps discovered:
D:1:      psy_arrival_conway, layout_rooms, serial_shops, shop, shop,
          nicolae_shop_hallway_plus
D:2:      minmay_alternating_diamond, layout_rooms,
          chequers_ecumenical_altar_island
D:3:      layout_rooms, dk_yredelemnul_ordeal,
          mainiacjoe_overflow_small_starburst, uniq_terence

Skill      XL: |  1  2  3 |
---------------+----------+-----
Axes           | 3 |  3.8
Fighting       | 2 |  2.5
Armour         | |  2.4
Stealth        | |  1.0
Shields        | |  1.0
Invocations    | |  1.0
Evocations     | |  1.0

Action                   |  1- 3 |  4- 6 || total
-------------------------+-------+-------++-------
Melee: Hand axe          |   137 |    32 ||   169
       Tailslap          |    16 |     3 ||    19
 Abil: Rolling Charge    |    10 |     8 ||    18
Armor: Chain mail        |   135 |    13 ||   148
Dodge: Dodged            |    29 |     4 ||    33
Block: Buckler           |    29 |     3 ||    32

Table legend: (Time is in decaauts)
 A = Elapsed time spent in this place.
 B = Non-inter-level travel time spent in this place.
 C = Inter-level travel time spent in this place.
 D = Time resting spent in this place.
 E = Time spent auto-exploring this place.
 F = Levels seen in this place.
 G = Mean time per level.
                   A        B        C        D        E       F      G
               +--------+--------+--------+--------+--------+-----+--------+
         Total |   1806 |   1776 |     30 |    170 |   1284 |   3 |  602.0 |
       Dungeon |   1806 |   1776 |     30 |    170 |   1284 |   3 |  602.0 |
               +--------+--------+--------+--------+--------+-----+--------+

Top non-repeatable levels by time:
     D:2: 897 daAuts
     D:1: 827 daAuts
     D:3: 81 daAuts
